BLB
MONTREAL EXPORTS @ TORONTO CANADIANS
08/18/2059
 
TOP OF THE 1ST
Montreal Exports batting - Pitching for Toronto Canadians : RHP Bruno Sheline
Pitching: RHP Bruno Sheline
Batting: RHB Landon Zitter 0-0: Ball
1-0: SINGLE (Line Drive, 9LS, EV 87.5 MPH)
Batting: LHB Josh Plautz 0-0: Called Strike
Landon Zitter is caught stealing 2nd base 2-6
0-1: Ball
1-1: Ball
2-1: Foul Ball, location: 2F
2-2: Ball
3-2: SINGLE (Line Drive, 7S, EV 112.5 MPH)
Batting: RHB Henry Miller 0-0: Ball
1-0: Called Strike
1-1: Ball
2-1: Fly out, F8 (Flyball, 8RD, EV 99.4 MPH)
Batting: RHB Derek Engledow 0-0: Ball
1-0: Ball
2-0: Ball
3-0: Fielders Choice at 2nd, 6-4 (Groundball, 6, EV 88.1 MPH)
Top of the 1st over - 0 runs, 2 hits, 0 errors, 1 left on base; Montreal 0 - Toronto 0
BOTTOM OF THE 1ST
Toronto Canadians batting - Pitching for Montreal Exports : RHP Douglas Okeyo
Pitching: RHP Douglas Okeyo
Batting: LHB Chase Calhoun 0-0: Ball
1-0: Ball
2-0: Called Strike
2-1: Swinging Strike
2-2: SOLO HOME RUN (Flyball, 9D, EV 98.8 MPH), Distance : 366 ft
Batting: RHB Olin Keele 0-0: Ball
1-0: SINGLE (Groundball, 5S, EV 65.6 MPH) (infield hit)
Batting: LHB Brian Wheat 0-0: Ball
1-0: Fly out, F7 (Flyball, 7S, EV 79.4 MPH)
Batting: LHB Kelvin Kenney 0-0: Foul Ball, location: 2F
0-1: Foul Ball, location: 2F
0-2: Ball
1-2: Strikes out swinging
Batting: LHB Cory Petit 0-0: Called Strike
0-1: Foul Ball, location: 2F
0-2: Ball
1-2: Foul Ball, location: 2F
1-2: Ground out 4-3 (Groundball, 34S, EV 80.6 MPH)
Bottom of the 1st over - 1 run, 2 hits, 0 errors, 1 left on base; Montreal 0 - Toronto 1
TOP OF THE 2ND
Montreal Exports batting - Pitching for Toronto Canadians : RHP Bruno Sheline
Batting: RHB Kyle Levin 0-0: Called Strike
0-1: Foul Ball, location: 2F
0-2: Ball
1-2: Ball
2-2: Ground out 6-3 (Groundball, 6, EV 81.9 MPH)
Batting: RHB Al Bush 0-0: SOLO HOME RUN (Flyball, 7D, EV 91.2 MPH), Distance : 353 ft
Batting: RHB Asher Miles 0-0: Called Strike
0-1: Ground out 2-3 (Groundball, 2L, EV 65.0 MPH)
Batting: RHB Jared Lewis 0-0: Foul Ball, location: 2F
0-1: Foul Ball, location: 2F
0-2: Ball
1-2: Ball
2-2: Strikes out swinging
Top of the 2nd over - 1 run, 1 hit, 0 errors, 0 left on base; Montreal 1 - Toronto 1
BOTTOM OF THE 2ND
Toronto Canadians batting - Pitching for Montreal Exports : RHP Douglas Okeyo
Batting: RHB Manuel Zaragoza 0-0: Called Strike
0-1: SINGLE (Groundball, 6MD, EV 95.0 MPH)
Batting: LHB David Mitchell 0-0: Called Strike
0-1: Ball
1-1: SINGLE (Line Drive, 4D, EV 101.9 MPH)
Manuel Zaragoza to second
Batting: RHB Keon Pryor 0-0: Ball
1-0: Fielders Choice at 2nd, 5-4 (Groundball, 56, EV 99.4 MPH)
Manuel Zaragoza to third
Batting: LHB Braden Tallman 0-0: Ball
1-0: Grounds into double play, 3-6-3 (Groundball, 3, EV 85.6 MPH)
Bottom of the 2nd over - 0 runs, 2 hits, 0 errors, 1 left on base; Montreal 1 - Toronto 1
TOP OF THE 3RD
Montreal Exports batting - Pitching for Toronto Canadians : RHP Bruno Sheline
Batting: RHB Kyle Long 0-0: Called Strike
0-1: Foul Ball, location: 2F
0-2: Ball
1-2: Ground out 5-3 (Groundball, 56, EV 86.2 MPH)
Batting: RHB Landon Zitter 0-0: Ball
1-0: Foul Ball, location: 2F
1-1: Foul Ball, location: 2F
1-2: Strikes out swinging
Batting: LHB Josh Plautz 0-0: Ball
1-0: Ground out 4-3 (Groundball, 4, EV 84.4 MPH)
Top of the 3rd over - 0 runs, 0 hits, 0 errors, 0 left on base; Montreal 1 - Toronto 1
BOTTOM OF THE 3RD
Toronto Canadians batting - Pitching for Montreal Exports : RHP Douglas Okeyo
Batting: LHB Chase Calhoun 0-0: Foul Ball, location: 2F
0-1: Foul Ball, location: 2F
0-2: Ball
1-2: Ground out 4-3 (Groundball, 4, EV 89.4 MPH)
Batting: RHB Olin Keele 0-0: Swinging Strike
0-1: Fly out, F7 (Line Drive, 7S, EV 90.6 MPH)
Batting: LHB Brian Wheat 0-0: Ball
1-0: Called Strike
1-1: DOUBLE (Line Drive, 7LD, EV 108.1 MPH)
Batting: LHB Kelvin Kenney 0-0: Ball
1-0: Foul Ball, location: 2F
1-1: Ball
2-1: Foul Ball, location: 2F
2-2: Foul Ball, location: 2F
2-2: Strikes out swinging
Bottom of the 3rd over - 0 runs, 1 hit, 0 errors, 1 left on base; Montreal 1 - Toronto 1
TOP OF THE 4TH
Montreal Exports batting - Pitching for Toronto Canadians : RHP Bruno Sheline
Batting: RHB Henry Miller 0-0: SINGLE (Groundball, 6D, EV 104.4 MPH)
Batting: RHB Derek Engledow 0-0: Called Strike
0-1: Foul Ball, location: 2F
0-2: Ball
1-2: Foul Ball, location: 2F
1-2: Foul Ball, location: 2F
1-2: Ground out 3-1 (Groundball, 34S, EV 65.6 MPH)
Henry Miller to second
Batting: RHB Kyle Levin 0-0: Fly out, F8 (Flyball, 78S, EV 93.1 MPH)
Batting: RHB Al Bush 0-0: Ball
1-0: Foul Ball, location: 2F
1-1: Called Strike
1-2: Ball
2-2: Foul Ball, location: 2F
2-2: Ball
3-2: Foul Ball, location: 2F
3-2: SINGLE (Groundball, 6MD, EV 95.6 MPH)
Henry Miller to third
Runner from 3rd tries for Home, SAFE, throw by CF to home
Batting: RHB Asher Miles 0-0: Fly out, F7 (Flyball, 7D, EV 99.4 MPH)
Top of the 4th over - 1 run, 2 hits, 0 errors, 1 left on base; Montreal 2 - Toronto 1
BOTTOM OF THE 4TH
Toronto Canadians batting - Pitching for Montreal Exports : RHP Douglas Okeyo
Batting: LHB Cory Petit 0-0: Ball
1-0: Ball
2-0: Ball
3-0: Called Strike
3-1: Swinging Strike
3-2: Strikes out looking
Batting: RHB Manuel Zaragoza 0-0: SINGLE (Groundball, 56D, EV 96.2 MPH)
Batting: LHB David Mitchell 0-0: Fly out, F7 (Line Drive, 78M, EV 91.9 MPH)
Batting: RHB Keon Pryor 0-0: Ball
1-0: Fly out, F7 (Flyball, 7S, EV 92.5 MPH)
Bottom of the 4th over - 0 runs, 1 hit, 0 errors, 1 left on base; Montreal 2 - Toronto 1
TOP OF THE 5TH
Montreal Exports batting - Pitching for Toronto Canadians : RHP Bruno Sheline
Batting: RHB Jared Lewis 0-0: Ball
1-0: Called Strike
1-1: Ball
2-1: Foul Ball, location: 2F
2-2: Foul Ball, location: 2F
2-2: Foul Ball, location: 2F
2-2: Foul Ball, location: 2F
2-2: SINGLE (Groundball, 6M, EV 103.1 MPH) (infield hit)
Batting: RHB Kyle Long 0-0: Sac Bunt to 23 - play at first, batter OUT! 3-4
Jared Lewis to second
Batting: RHB Landon Zitter 0-0: Ball
1-0: Foul Ball, location: 2F
1-1: Ball
2-1: Ball
3-1: Foul Ball, location: 2F
3-2: Strikes out swinging
Batting: LHB Josh Plautz 0-0: Ball
1-0: Ball
2-0: Swinging Strike
2-1: Foul Ball, location: 2F
2-2: Ball
3-2: Foul Ball, location: 2F
3-2: Strikes out swinging
Top of the 5th over - 0 runs, 1 hit, 0 errors, 1 left on base; Montreal 2 - Toronto 1
BOTTOM OF THE 5TH
Toronto Canadians batting - Pitching for Montreal Exports : RHP Douglas Okeyo
Batting: LHB Braden Tallman 0-0: Ball
1-0: Ball
2-0: Ball
3-0: Called Strike
3-1: Fly out, F7 (Line Drive, 7LM, EV 95.6 MPH)
Batting: LHB Chase Calhoun 0-0: Foul Ball, location: 2F
0-1: Called Strike
0-2: Ball
1-2: Foul Ball, location: 2F
1-2: Foul Ball, location: 2F
1-2: Ball
2-2: DOUBLE (Line Drive, 3D, EV 100.0 MPH)
Batting: RHB Olin Keele 0-0: Ball
1-0: Ball
Chase Calhoun steals 3rd base
2-0: Fly out, F8 (Flyball, 89M, EV 86.2 MPH)
Runner from 3rd tags up, SCORES, throw by CF
Batting: LHB Brian Wheat 0-0: Ball
1-0: SOLO HOME RUN (Flyball, 9D, EV 96.2 MPH), Distance : 340 ft
Batting: LHB Kelvin Kenney 0-0: Ball
1-0: Called Strike
1-1: Ground out 4-3 (Groundball, 4, EV 86.9 MPH)
Bottom of the 5th over - 2 runs, 2 hits, 0 errors, 0 left on base; Montreal 2 - Toronto 3
TOP OF THE 6TH
Montreal Exports batting - Pitching for Toronto Canadians : RHP Bruno Sheline
Batting: RHB Henry Miller 0-0: Ball
1-0: Foul Ball, location: 2F
1-1: Called Strike
1-2: Ball
2-2: Foul Ball, location: 2F
2-2: SINGLE (Groundball, 34S, EV 66.2 MPH) (infield hit)
Batting: RHB Derek Engledow 0-0: Ball
1-0: Ball
2-0: Foul Ball, location: 2F
2-1: Fly out, F9 (Flyball, 9, EV 91.9 MPH)
Batting: RHB Kyle Levin 0-0: Called Strike
0-1: Ball
1-1: Foul Ball, location: 2F
1-2: Fly out, F4 (Flyball, 34D, EV 80.6 MPH)
Batting: RHB Al Bush 0-0: Ball
Henry Miller steals 2nd base
1-0: Foul Ball, location: 2F
1-1: Swinging Strike
1-2: Ball
2-2: Strikes out looking
Top of the 6th over - 0 runs, 1 hit, 0 errors, 1 left on base; Montreal 2 - Toronto 3
BOTTOM OF THE 6TH
Toronto Canadians batting - Pitching for Montreal Exports : RHP Douglas Okeyo
Batting: LHB Cory Petit 0-0: Ball
1-0: Ball
2-0: Ball
3-0: Called Strike
3-1: Called Strike
3-2: DOUBLE (Flyball, 8LXD, EV 96.9 MPH)
Batting: RHB Manuel Zaragoza 0-0: Ball
1-0: Called Strike
1-1: Called Strike
1-2: Foul Ball, location: 2F
1-2: Foul Ball, location: 2F
1-2: Ground out 5-3 (Groundball, 56, EV 106.2 MPH)
Batting: LHB David Mitchell 0-0: Ball
1-0: TRIPLE (Flyball, 89XD, EV 106.2 MPH)
Cory Petit scores
Batting: RHB Keon Pryor 0-0: Foul Ball, location: 2F
0-1: Called Strike
0-2: Foul Ball, location: 2F
0-2: Ball
1-2: Ball
2-2: SINGLE (Groundball, 6, EV 110.6 MPH)
David Mitchell scores
Pitching: RHP Payton Lambert
Batting: LHB Braden Tallman 0-0: Ball
1-0: Grounds into double play, 1-6-3 (Groundball, 13S, EV 67.5 MPH)
Bottom of the 6th over - 2 runs, 3 hits, 0 errors, 0 left on base; Montreal 2 - Toronto 5
TOP OF THE 7TH
Montreal Exports batting - Pitching for Toronto Canadians : RHP Bruno Sheline
Batting: RHB Asher Miles 0-0: Foul Ball, location: 2F
0-1: Ball
1-1: SINGLE (Groundball, 4MD, EV 88.1 MPH) (infield hit)
Batting: RHB Jared Lewis 0-0: Called Strike
0-1: Ball
Asher Miles is caught stealing 2nd base 2-4
1-1: Foul Ball, location: 2F
1-2: Strikes out swinging
Batting: RHB Kyle Long 0-0: Foul Ball, location: 2F
0-1: Swinging Strike
0-2: Foul Ball, location: 2F
0-2: Ground out 6-3 (Groundball, 6, EV 102.5 MPH)
Top of the 7th over - 0 runs, 1 hit, 0 errors, 0 left on base; Montreal 2 - Toronto 5
BOTTOM OF THE 7TH
Toronto Canadians batting - Pitching for Montreal Exports : RHP Payton Lambert
Batting: LHB Chase Calhoun 0-0: Called Strike
0-1: Ball
1-1: Called Strike
1-2: Ball
2-2: Ball
3-2: SINGLE (Line Drive, 8LS, EV 101.9 MPH)
Batting: RHB Olin Keele 0-0: Called Strike
Chase Calhoun steals 2nd base
0-1: DOUBLE (Line Drive, 7LS, EV 105.0 MPH)
Chase Calhoun scores
Batting: LHB Brian Wheat 0-0: Fly out, F9 (Line Drive, 9, EV 101.2 MPH)
Batting: LHB Kelvin Kenney 0-0: Ball
1-0: Ball
2-0: Called Strike
2-1: Ball
3-1: Fly out, F7 (Flyball, 78M, EV 83.8 MPH)
Batting: LHB Cory Petit 0-0: Ball
1-0: Ball
2-0: Swinging Strike
2-1: Called Strike
2-2: SINGLE (Groundball, 4MD, EV 98.8 MPH)
Olin Keele to third
Batting: RHB Manuel Zaragoza 0-0: SINGLE (Line Drive, 8RS, EV 91.2 MPH)
Olin Keele scores
Cory Petit to second
Batting: LHB David Mitchell 0-0: Foul Ball, location: 2F
0-1: Ball
1-1: Ball
2-1: SINGLE (Line Drive, 6MD, EV 93.8 MPH)
Cory Petit to third
Manuel Zaragoza to second
Runner from 3rd tries for Home, SAFE, throw by CF to home
Pitching: RHP Riley Cole
Batting: RHB Keon Pryor 0-0: Fly out, F7 (Line Drive, 7S, EV 88.8 MPH)
Bottom of the 7th over - 3 runs, 5 hits, 0 errors, 2 left on base; Montreal 2 - Toronto 8
TOP OF THE 8TH
Montreal Exports batting - Pitching for Toronto Canadians : RHP Bruno Sheline
Pitching: RHP Owen Carr
Batting: RHB Landon Zitter 0-0: Called Strike
0-1: Ball
1-1: Swinging Strike
1-2: Strikes out swinging
Batting: LHB Josh Plautz 0-0: Called Strike
0-1: Ball
1-1: SINGLE (Groundball, 34D, EV 100.6 MPH)
Batting: RHB Henry Miller 0-0: Grounds into double play, 1-6-3 (Groundball, 13S, EV 63.8 MPH)
Top of the 8th over - 0 runs, 1 hit, 0 errors, 0 left on base; Montreal 2 - Toronto 8
BOTTOM OF THE 8TH
Toronto Canadians batting - Pitching for Montreal Exports : RHP Riley Cole
Batting: LHB Braden Tallman 0-0: Ball
1-0: Foul Ball, location: 2F
1-1: Foul Ball, location: 2F
1-2: Ball
2-2: DOUBLE (Line Drive, 78XD, EV 110.0 MPH)
Batting: LHB Chase Calhoun 0-0: Ball
1-0: Foul Ball, location: 2F
1-1: Ground out 6-3 (Groundball, P, EV 86.9 MPH)
Braden Tallman to third
Batting: RHB Olin Keele 0-0: Swinging Strike
0-1: Swinging Strike
0-2: Strikes out swinging
Batting: LHB Brian Wheat 0-0: Ball
1-0: Foul Ball, location: 2F
1-1: Called Strike
1-2: Strikes out swinging
Bottom of the 8th over - 0 runs, 1 hit, 0 errors, 1 left on base; Montreal 2 - Toronto 8
TOP OF THE 9TH
Montreal Exports batting - Pitching for Toronto Canadians : RHP Owen Carr
Batting: RHB Derek Engledow 0-0: Called Strike
0-1: Ball
1-1: Ball
2-1: Foul Ball, location: 2F
2-2: SINGLE (Flyball, 89S, EV 98.1 MPH)
Batting: RHB Kyle Levin 0-0: Ball
1-0: SINGLE (Groundball, 6MD, EV 95.6 MPH)
Derek Engledow to second
Batting: RHB Al Bush 0-0: Swinging Strike
0-1: Called Strike
0-2: Ball
1-2: DOUBLE (Line Drive, 7LM, EV 112.5 MPH)
Derek Engledow scores
Kyle Levin to third
Pinch Hitting: LHB Justin Wyatt 0-0: Called Strike
0-1: Ground out U3 (Groundball, 3, EV 101.2 MPH)
Batting: RHB Jared Lewis 0-0: Called Strike
0-1: Foul Ball, location: 2F
0-2: Foul Ball, location: 2F
0-2: Strikes out swinging
Pinch Hitting: RHB Teddy Pettaway 0-0: Called Strike
0-1: Called Strike
0-2: Ball
1-2: Fly out, F9 (Flyball, 89S, EV 91.9 MPH)
Top of the 9th over - 1 run, 3 hits, 0 errors, 2 left on base; Montreal 3 - Toronto 8
Monday, March 25th , 2024 - OOTP Baseball 23.10 Build 110